 Dungeon Crawl Stone Soup version 0.20.0-10-g0535bb4 (webtiles) character file.

174 forly the Sneak (level 5, -2/37 HPs)
             Began as a Vampire Enchanter on June 5, 2017.
             Blown up by Ijyb (22 damage)
             ... with a wand of disintegration (?/24)
             ... on level 3 of the Dungeon.
             The game lasted 00:16:20 (3109 turns).

forly the Sneak (Vampire Enchanter)                 Turns: 3109, Time: 00:16:21

Health: -2/37      AC:  2    Str:  7    XL:     5   Next: 28%
Magic:  1/9        EV: 14    Int: 17    God:
Gold:   81         SH:  0    Dex: 16    Spells: 3/9 levels left

rFire    . . .     SeeInvis +   a - +1 dagger
rCold    . . .     Gourm    .   (no shield)
rNeg     + . .     Faith    .   b - +0 robe
rPois    .         Spirit   .   (no helmet)
rElec    .         Reflect  .   (no cloak)
rCorr    .         Harm     +   (no gloves)
MR       .....                  (no boots)
Stlth    +++.......             i - amulet of harm
Regen    0.2/turn               (no ring)
MPRegen  0.2/turn               (no ring)

@: no status effects
A: fangs 3, see invisible, unbreathing
a: Bat Form


You were on level 3 of the Dungeon.
You were not thirsty.

You visited 1 branch of the dungeon, and saw 3 of its levels.

You collected 81 gold pieces.

Inventory:

Hand Weapons
 a - a +1 dagger (weapon)
 k - a +0 dagger of speed
Armour
 b - a +0 robe (worn)
 f - a +0 robe
Jewellery
 i - an amulet of harm (around neck)
Wands
 e - a wand of digging (11/24)
Scrolls
 g - a scroll of teleportation
 j - a scroll of fog
 l - a scroll of immolation {unknown}
 m - a scroll of recharging
 n - a scroll of enchant armour {unknown}
 o - a scroll of enchant weapon {unknown}
Potions
 d - 3 potions of blood
 h - a potion of ambrosia {unknown}
Books
 c - a book of Maledictions

   Spells                             Type                      Level
   a - Corona                         Hexes                        1
   b - Ensorcelled Hibernation        Hexes/Ice                    2
   c - Confuse                        Hexes                        3
   d - Tukima's Dance                 Hexes                        3
   e - Dazzling Spray                 Conjuration/Hexes            3


   Skills:
 + Level 1.0 Fighting
 + Level 2.6 Short Blades
 + Level 3.2 Dodging
 + Level 5.9 Stealth
 + Level 2.7 Spellcasting
 * Level 5.1 Hexes
 + Level 0.2 Ice Magic


You had 3 spell levels left.
You knew the following spells:

 Your Spells              Type           Power        Failure   Level  Hunger
a - Corona                Hex            ###....      2%          1    #......
b - Tukima's Dance        Hex            ###.....     6%          3    ###....
c - Ensorcelled Hibernat  Hex/Ice        ##....       9%          2    ##.....


Dungeon Overview and Level Annotations

Branches:
Dungeon (3/15)

Altars:

Annotations:
D:3 Ijyb


Innate Abilities, Weirdness & Mutations

You have razor-sharp teeth.
You have supernaturally acute eyesight. (SInv)
You can survive without breathing.


Message History

Confirm with . or Enter, or press ? or * to list all spells.
Aiming: Corona
Press: ? - help, Shift-Dir - straight line, f/p - Ijyb
Aim: Ijyb, wearing a leather armour and carrying a wand of disintegration (?/24) {zapped: 1} (chance to defeat MR: 66%) Ijyb is outlined in light.
You barely miss Ijyb. Ijyb hits you.
You hit Ijyb but do no damage. Ijyb misses you.
You hit Ijyb but do no damage.
Your dagger hits Ijyb but does no damage.
Ijyb screams, "It's all mine!"
Ijyb zaps a wand.
You are blasted!
You hit Ijyb but do no damage.
Your dagger hits Ijyb but does no damage.
Ijyb hits you.
You hit Ijyb.
Ijyb is moderately wounded.
Your dagger hits Ijyb but does no damage.
Ijyb zaps a wand.
You are blasted!
Ouch! That really hurt!
You die...

........# #.#
........# #)#
........# #†#
........######.###
.................#
######.##########
#.# ..##########.#
........(g@..#
.......#######
....... .......
%...... .....g.
....... .......


You could see Ijyb and a friendly dagger.

Vanquished Creatures
  An iguana (D:2)
  2 adders (D:2)
  An ooze (D:1)
  A dart slug (D:1)
  2 leopard geckos (D:1)
  2 giant cockroaches
  6 goblins
  8 hobgoblins
  4 kobolds (D:1)
  A quokka (D:2)
  9 bats
  6 rats
43 creatures vanquished.

Vanquished Creatures (collateral kills)
  Sigmund (D:2)
  A goblin (D:3)
2 creatures vanquished.

Grand Total: 45 creatures vanquished

Notes
Turn   | Place    | Note
-------+----------+-------------------------------------------
     0 | D:1      | forly the Vampire Enchanter began the quest for the Orb.
     0 | D:1      | Reached XP level 1. HP: 13/13 MP: 3/3
   585 | D:1      | Reached XP level 2. HP: 18/19 MP: 5/5
   632 | D:1      | Reached skill level 5 in Stealth
  1317 | D:1      | Reached XP level 3. HP: 22/24 MP: 4/6
  1322 | D:1      | Learned a level 3 spell: Tukima's Dance
  1864 | D:2      | Noticed Sigmund
  1870 | D:2      | Learned a level 2 spell: Ensorcelled Hibernation
  1941 | D:2      | Killed Sigmund
  1941 | D:2      | Reached skill level 1 in Fighting
  1941 | D:2      | Reached skill level 5 in Hexes
  1941 | D:2      | Reached XP level 4. HP: 10/32 MP: 1/7
  2051 | D:2      | Reached XP level 5. HP: 24/37 MP: 5/8
  3092 | D:3      | Noticed Ijyb
  3109 | D:3      | Blown up by Ijyb

Skill      XL: |  1  2  3 |
---------------+----------+-----
Stealth        | 5 |  5.9
Fighting       | 1 |  1.0
Short Blades   | 2 |  2.6
Dodging        | 3 |  3.2
Hexes          | 5 |  5.1
Spellcasting   | |  2.7
Ice Magic      | |  0.2

Action                   |  1- 3 |  4- 6 || total
-------------------------+-------+-------++-------
Melee: Dagger            |   140 |    43 ||   183
       Bite              |     6 |     2 ||     8
       Unarmed           |       |     4 ||     4
 Cast: Corona            |    10 |     6 ||    16
       Ensorcelled Hiber |     1 |     9 ||    10
       Tukima's Dance    |     1 |     3 ||     4
 Abil: End Transformatio |     2 |    11 ||    13
       Bat Form          |     2 |    11 ||    13
  Use: Scroll            |     8 |     1 ||     9
       Potion            |     8 |     3 ||    11
 Stab: Sleeping          |     3 |     8 ||    11
       Distracted        |     1 |       ||     1
  Eat: Corpse            |     1 |       ||     1
Armor: Robe              |    24 |     4 ||    28
Dodge: Dodged            |    99 |    41 ||   140
